 Dungeon Sprint DCSS version 0.29-a0-323-g050149af67 (webtiles) character file.

Game seed: 6412180092599093488

1479 mhtbhm the Impaler (level 8, -8/117 HPs)
             Began as a Merfolk Berserker on Apr 10, 2022.
             Was a High Priest of Trog.
             Mangled by a 13-headed hydra (13 damage)
             ... in the Dungeon (Sprint IX: "|||||||||||||||||||||||||||||").
             The game lasted 00:01:09 (545 turns).

mhtbhm the Impaler (Merfolk Berserker)               Turns: 545, Time: 00:01:10

Health: -8/117     AC: 13    Str: 19    XL:     8   Next: 79%
Magic:  8/8        EV: 10    Int: 12    God:    Trog [*****.]
Gold:   0          SH:  0    Dex: 14    Spells: 7/7 levels left

rFire   . . .      SeeInvis .   a - +2 halberd (venom)
rCold   . . .      Faith    .   (shield currently unavailable)
rNeg    . . .      Spirit   .   b - +1 chain mail
rPois   .          Reflect  .   l - +0 helmet
rElec   .          Harm     .   k - +0 cloak
rCorr   .          Rampage  .   (no gloves)
Will    .....      NoTele   +   (no boots)
Stlth   ..........              (no amulet)
HPRegen 0.29/turn               m - +3 ring of intelligence
MPRegen 0.11/turn               n - +3 ring of intelligence

@: berserking, very quick
A: (nimble swimmer 2), mertail
a: Renounce Religion, Berserk, Trog's Hand, Brothers in Arms


You were in the Dungeon.
You worshipped Trog.
Trog was extremely pleased with you.
You visited 1 branch

Inventory:

Hand Weapons
 a - a +2 halberd of venom (weapon)
Armour
 b - a +1 chain mail (worn)
 k - a +0 cloak (worn)
 l - a +0 helmet (worn)
Jewellery
 m - a +3 ring of intelligence (left hand)
 n - a +3 ring of intelligence (right hand)
Wands
 j - a wand of acid (10)
Scrolls
 h - 2 scrolls of blinking
Potions
 c - 5 potions of curing
 d - 2 potions of heal wounds
 e - a potion of haste
 f - 4 potions of magic
 g - a potion of berserk rage
 i - a potion of invisibility


   Skills:
 + Level 12.8 Fighting
 + Level 16.7 Polearms
 + Level 4.8 Armour
 + Level 8.1 Dodging


You had 7 spell levels left.
You didn't know any spells.
Your spell library was empty.

Dungeon Overview and Level Annotations

Branches:
Dungeon (1/1)

Altars:
Cheibriados
Dithmenos
Elyvilon
Fedhas
Gozag
Hepliaklqana
Kikubaaqudgha
Makhleb
Nemelex Xobeh
Okawaru
Qazlal
Ru
Sif Muna
Trog
Uskayaw
Vehumet
Wu Jian
Xom
Yredelemnul
Zin
The Shining One
Beogh
Jiyva
Lugonu


Innate Abilities, Weirdness & Mutations

((You are very nimble when in or above water. (Stealth+, EV+, Speed+++)))
Your lower body shifts to a powerful aquatic tail in water.


Message History

Unknown command.
You lop one of the nine-headed hydra's heads off!
The eight-headed hydra grows two more!
You puncture the ten-headed hydra!
The ten-headed hydra is poisoned.
The ten-headed hydra is heavily wounded.
The ten-headed hydra barely misses you. The ten-headed hydra bites you.
The ten-headed hydra bites you but does no damage. x2
The ten-headed hydra bites you. The ten-headed hydra bites you!
The ten-headed hydra closely misses you.
The ten-headed hydra bites you. x2; The ten-headed hydra bites you!
You slice one of the ten-headed hydra's heads off!
The nine-headed hydra grows two more!
You slash the 11-headed hydra!
The 11-headed hydra is heavily wounded.
Unknown command.
You lop one of the 11-headed hydra's heads off!
The ten-headed hydra grows two more!
You slash the 12-headed hydra!
The 12-headed hydra is heavily wounded.
The 12-headed hydra barely misses you.
The 12-headed hydra bites you but does no damage.
The 12-headed hydra bites you!
* * * LOW HITPOINT WARNING * * *
The 12-headed hydra bites you!
* * * LOW HITPOINT WARNING * * *
The 12-headed hydra barely misses you.
The 12-headed hydra bites you but does no damage. x4
The 12-headed hydra closely misses you. x3
Unknown command.
You barely miss the 12-headed hydra.
The 12-headed hydra is heavily wounded.
Unknown command.
Unknown command.
You hack one of the 12-headed hydra's heads off!
The 11-headed hydra grows two more!
You hit the 13-headed hydra.
The 13-headed hydra is heavily wounded.
The 13-headed hydra barely misses you. The 13-headed hydra bites you.
* * * LOW HITPOINT WARNING * * *
The 13-headed hydra bites you!
* * * LOW HITPOINT WARNING * * *
The 13-headed hydra bites you!
You die... ▓▓▓▓▓▓▓▓▓▓▓▓▓▓▓▓▓▓▓▓▓▓▓▓ .ycyTyD@....)[...[..)?.' ▓▓▓▓▓▓▓▓▓▓▓▓▓▓▓▓▓▓▓▓▓▓▓▓

You could see a 13-headed hydra (very poisoned), a centaur warrior, a troll and 3 vampire mosquitoes.

Vanquished Creatures
  A two-headed ogre (D)
  2 trolls (D)
  A wraith (D)
  A water moccasin (D)
  A gnoll sergeant (D)
  A scorpion (D)
  A killer bee (D)
  An iguana (D)
  An adder (D)
  An ufetubus (D)
  A bat (D)
  An endoplasm (D)
  A jackal (D)
  A kobold (D)
  A ball python (D)
16 creatures vanquished.

Notes
Turn   | Place    | Note
-------+----------+-------------------------------------------
     0 | D        | mhtbhm the Merfolk Berserker began the quest for the Orb.
     0 | D        | Reached XP level 1. HP: 18/18 MP: 1/1
     9 | D        | Reached ** piety under Trog
    12 | D        | Reached skill level 5 in Polearms
    21 | D        | Noticed an iguana
    21 | D        | Noticed a scorpion
    21 | D        | Noticed a water moccasin
    28 | D        | Reached XP level 2. HP: 26/26 MP: 2/2
    29 | D        | Reached *** piety under Trog
    30 | D        | Reached skill level 6 in Polearms
    34 | D        | Killed a water moccasin
    35 | D        | Reached skill level 8 in Polearms
    35 | D        | Reached XP level 3. HP: 36/36 MP: 3/3
    35 | D        | Reached XP level 4. HP: 43/43 MP: 4/4
    35 | D        | Reached XP level 5. HP: 48/48 MP: 5/5
    38 | D        | Reached skill level 10 in Polearms
    38 | D        | Reached skill level 5 in Dodging
    49 | D        | Found a snail-covered altar of Cheibriados.
    49 | D        | Found a shadowy altar of Dithmenos.
    49 | D        | Found a white marble altar of Elyvilon.
    49 | D        | Found a blossoming altar of Fedhas.
    49 | D        | Found an opulent altar of Gozag.
    50 | D        | Found a hazy altar of Hepliaklqana.
    51 | D        | Found a viscous altar of Jiyva.
    52 | D        | Found an ancient bone altar of Kikubaaqudgha.
    53 | D        | Found a corrupted altar of Lugonu.
    54 | D        | Found a burning altar of Makhleb.
    55 | D        | Found a sparkling altar of Nemelex Xobeh.
    56 | D        | Found an iron altar of Okawaru.
    57 | D        | Found a stormy altar of Qazlal.
    58 | D        | Found a sacrificial altar of Ru.
    59 | D        | Found a shimmering blue altar of Sif Muna.
    60 | D        | Found a bloodstained altar of Trog.
    61 | D        | Found a hide-covered altar of Uskayaw.
    62 | D        | Found a radiant altar of Vehumet.
    63 | D        | Found an ornate altar of the Wu Jian Council.
    64 | D        | Found a shimmering altar of Xom.
    65 | D        | Found a basalt altar of Yredelemnul.
    66 | D        | Found a glowing silver altar of Zin.
    67 | D        | Found a glowing golden altar of the Shining One.
   213 | D        | Noticed a wraith
   213 | D        | Noticed a troll
   213 | D        | Noticed a troll
   213 | D        | Noticed a two-headed ogre
   222 | D        | Killed a two-headed ogre
   222 | D        | Reached **** piety under Trog
   223 | D        | Reached skill level 14 in Polearms
   223 | D        | Reached XP level 6. HP: 26/62 MP: 6/6
   223 | D        | Reached XP level 7. HP: 29/68 MP: 7/7
   226 | D        | Killed a troll
   227 | D        | Reached skill level 15 in Polearms
   227 | D        | Reached XP level 8. HP: 28/76 MP: 8/8
   229 | D        | Killed a troll
   230 | D        | Reached skill level 16 in Polearms
   244 | D        | Killed a wraith
   244 | D        | Reached ***** piety under Trog
   532 | D        | Noticed a centaur warrior
   532 | D        | Noticed a troll
   532 | D        | Noticed a four-headed hydra
   545 | D        | HP: 5/117 [13-headed hydra (13)]
   545 | D        | Mangled by a 13-headed hydra

Illustrated notes

Levels and vault maps discovered:
D:        linesprint [early_d, line_temple, items_1, d_10, items_2, lair_1,
          lair_end, items_3, orc_1, orc_end, items_4, d_15, swamp_1, shoals_1,
          snake_1, spider_1, d_20, vaults_1, items_5, swamp_end, shoals_end,
          snake_end, spider_end, vaults_end, d_27, items_6, zot_1, zot_end,
          crypt_end, forest_end, elf_end, slime_end, tomb_end, abyss_end,
          pan_hell_end]

Skill      XL: |  1  2  3  4  5  6  7  8 |
---------------+-------------------------+-----
Dodging        | 3 4 7 8 |  8.1
Fighting       | 4 7 11 12 | 12.8
Polearms       | 5 8 14 15 16 | 16.7
Armour         | 2 4 |  4.8

Action                   |  1- 3 |  4- 6 |  7- 9 || total
-------------------------+-------+-------+-------++-------
Melee: Spear             |    20 |     8 |       ||    28
       Halberd           |       |     8 |    35 ||    43
Invok: Berserk           |     1 |     1 |     1 ||     3
  Use: Potion            |       |       |     1 ||     1
Armor: Animal skin       |     2 |       |       ||     2
       Chain mail        |       |     1 |    19 ||    20
Dodge: Dodged            |     5 |     4 |    18 ||    27

Table legend: (Time is in decaauts)
 A = Elapsed time spent in this place.
 B = Non-inter-level travel time spent in this place.
 C = Inter-level travel time spent in this place.
 D = Time resting spent in this place.
 E = Time spent auto-exploring this place.
 F = Levels seen in this place.
 G = Mean time per level.
                   A        B        C        D        E       F      G
               +--------+--------+--------+--------+--------+-----+--------+
         Total |    551 |    551 |      0 |    359 |      3 |   1 |  551.0 |
       Dungeon |    551 |    551 |      0 |    359 |      3 |   1 |  551.0 |
               +--------+--------+--------+--------+--------+-----+--------+

Top non-repeatable levels by time:
       D: 551 daAuts
